 Dungeon Crawl Stone Soup version 0.24-a0-183-g8902462 (webtiles) character file.

Game seed: 1924066686062646963

557 Ijustatesigmund the Ducker (level 7, -1/47 HPs)
             Began as an Octopode Wizard on Mar 14, 2019.
             Was an Initiate of the Shining One.
             Slain by an ice beast (9 damage)
             ... on level 5 of the Dungeon on Mar 15, 2019.
             The game lasted 00:11:46 (5298 turns).

Ijustatesigmund the Ducker (Octopode Wizard)        Turns: 5298, Time: 00:11:46

Health: -1/47      AC:  3    Str:  6    XL:     7   Next: 30%
Magic:  2/11       EV: 20    Int: 21    God:    the Shining One [......]
Gold:   214        SH:  0    Dex: 17    Spells: 6/12 levels left

rFire    + . .     SeeInvis .   e - +2 dire flail (crush)
rCold    . . .     Gourm    .   (shield currently unavailable)
rNeg     . . .     Faith    .   a - +2 hat
rPois    .         Spirit   .   f - amulet of regeneration
rElec    .         Reflect  .   s - ring of protection from fire
rCorr    .         Harm     .   (no ring)
MR       .....                  (no ring)
Stlth    ++........             (no ring)
HPRegen  0.55/turn              (no ring)
MPRegen  0.12/turn              (no ring)
                                (no ring)
                                (no ring)

@: agile, very slightly contaminated, glowing
A: almost no armour, stealthy swim, amphibious, 8 rings, constrict 8, camouflage
1, gelatinous body 1
a: Renounce Religion


You were on level 5 of the Dungeon.
You worshipped the Shining One.
The Shining One was noncommittal.
You were hungry.

You visited 1 branch of the dungeon, and saw 5 of its levels.

You collected 214 gold pieces.

Inventory:

Hand Weapons
 e - a +2 dire flail of crushing (weapon)
 j - a +3 mace of holy wrath
Missiles
 p - 4 tomahawks (quivered)
Armour
 a - a +2 hat (worn)
Jewellery
 f - an amulet of regeneration (around mantle)
 o - an uncursed ring of ice
 s - a ring of protection from fire (left tentacle)
Scrolls
 d - a scroll of blinking
 h - 5 scrolls of remove curse
 n - 3 scrolls of magic mapping
 r - a scroll of fear
Potions
 b - 2 potions of invisibility
 g - 2 potions of brilliance
 i - a potion of curing {unknown}
 k - 3 potions of magic
 l - a potion of lignification
 q - a potion of cancellation {unknown}
Comestibles
 c - 7 rations


   Skills:
 + Level 3.7 Fighting
 + Level 3.4 Maces & Flails
 + Level 4.1 Dodging
 - Level 2.6 Stealth
 - Level 3.0 Spellcasting
 - Level 2.2 Conjurations
   Level 1.0 Summonings
 - Level 3.0 Translocations


You had 6 spell levels left.
You knew the following spells:

 Your Spells              Type           Power        Failure   Level  Hunger
a - Magic Dart            Conj           ##..         5%          1    None
b - Blink                 Tloc           N/A          5%          2    ##.....
c - Conjure Flame         Conj/Fire      #.......     26%         3    ###....

Your spell library contained the following spells:

 Spells                   Type           Power        Failure   Level  Hunger
 Call Imp                 Summ           #.......     13%         2    ##.....
 Slow                     Hex            #.......     21%         2    ##.....
 Mephitic Cloud           Conj/Pois/Air  #.......     30%         3    ###....


Dungeon Overview and Level Annotations

Branches:
Dungeon (5/15)
 Temple: D:4-7

Altars:
Gozag
Kikubaaqudgha
Ru
Trog
Uskayaw
The Shining One

Shops:
D:5 [


Innate Abilities, Weirdness & Mutations

You cannot wear most types of armour.
You are very stealthy in the water. (Stealth+)
You are amphibious.
You can wear up to eight rings at the same time.
You can use your tentacles to constrict eight enemies at once.
Your skin changes colour to match your surroundings (Stealth+).
Your rubbery body absorbs attacks. (AC +1, EV +1)


Message History

The ice beast hits you. The ice beast freezes you!
* * * LOW HITPOINT WARNING * * *
You barely miss the ice beast.
The ice beast is moderately wounded.
The ice beast closely misses you.
You hit the ice beast but do no damage. You squeeze the ice beast.
The ice beast is heavily wounded.
The ice beast barely misses you.
You barely miss the ice beast.
The ice beast is heavily wounded.
The ice beast completely misses you.
You hit the ice beast.
The ice beast is severely wounded.
The ice beast misses you.
You hit the ice beast but do no damage.
The ice beast is severely wounded.
The ice beast completely misses you. The ice beast hits you.
* * * LOW HITPOINT WARNING * * *
The ice beast freezes you!
You die...

####.###.#####.#. #
#..........# #.#.
#.##..........# #.#.
..........^..# #.##
####..........###...
#......<.......#####
#........∩.∩.#
#.##'####....#
#@##.# #∩.∩##
#Y##.##########
#(##.#........#
##.###.##.#.######.#
#................#
>..###.##.#.####.#
#.##.#.####.#
#.##.#......#
#.##.########


You could see an ice beast.

Vanquished Creatures
  Edmund (D:4)
  An ogre (D:4)
  A hound (D:4)
  A bullfrog skeleton (D:4)
  An orc wizard (D:4)
  An iguana (D:4)
  2 worker ants (D:4)
  A worker ant zombie (D:3)
  Robin (D:4)
  7 adders
  An ooze (D:3)
  A worm (D:2)
  3 dart slugs
  7 leopard geckos
  5 orcs (D:4)
  9 bats
  5 giant cockroaches
  14 goblins
  15 hobgoblins
  6 jackals
  A quokka (D:5)
  2 ball pythons
  5 frilled lizards
  A giant cockroach zombie (D:4)
  5 kobolds
  4 rats
101 creatures vanquished.

Notes
Turn   | Place    | Note
-------+----------+-------------------------------------------
     0 | D:1      | Ijustatesigmund the Octopode Wizard began the quest for the
                  | Orb.
     0 | D:1      | Reached XP level 1. HP: 11/11 MP: 4/4
   305 | D:1      | Reached XP level 2. HP: 17/18 MP: 1/6
   309 | D:1      | Learned a level 2 spell: Blink
   787 | D:1      | Reached skill level 1 in Fighting
   944 | D:1      | Reached XP level 3. HP: 23/23 MP: 3/7
  1577 | D:2      | Found an opulent altar of Gozag.
  1893 | D:2      | Reached XP level 4. HP: 28/28 MP: 0/8
  2220 | D:2      | Upgraded the game from 0.24-a0-181-gd121a6d to
                  | 0.24-a0-183-g8902462
  2591 | D:2      | Learned a level 3 spell: Conjure Flame
  2687 | D:3      | Reached skill level 1 in Maces & Flails
  2687 | D:3      | Reached XP level 5. HP: 34/34 MP: 5/9
  2998 | D:3      | Found an ancient bone altar of Kikubaaqudgha.
  3595 | D:4      | Reached skill level 3 in Dodging
  3595 | D:4      | Reached XP level 6. HP: 37/41 MP: 10/10
  3808 | D:4      | Found a sacrificial altar of Ru.
  3882 | D:4      | Noticed Robin
  3915 | D:4      | Killed Robin
  4312 | D:4      | Found a hide-covered altar of Uskayaw.
  4573 | D:4      | Reached XP level 7. HP: 41/46 MP: 11/11
  4688 | D:4      | Noticed Edmund
  4707 | D:4      | Killed Edmund
  4707 | D:4      | Reached skill level 4 in Dodging
  4937 | D:4      | Found a glowing golden altar of the Shining One.
  4937 | D:4      | Found a bloodstained altar of Trog.
  5144 | D:4      | Became a worshipper of the Shining One
  5210 | D:5      | Entered Level 5 of the Dungeon
  5245 | D:5      | Found Sisub's Armour Emporium.
  5298 | D:5      | Slain by an ice beast

Levels and vault maps discovered:
D:1:      co_arrival_square_in_a_square_in_a_square, layout_rooms,
          minmay_misc_feat_enclosed, chequers_serial_rivers_small_3,
          minmay_misc_feat_secret_circle
D:2:      layout_basic, grunt_gozag_statues, chequers_jeans
D:3:      layout_loops_ring, lemuel_crystal_altar
D:4:      layout_loops_corners, gammafunk_temple_overflow_wave, kennysheep_mini,
          kennysheep_mini_moat, first_ration, chequers_serial_rivers_room_b,
          uniq_robin, uniq_edmund
D:5:      cheibrodos_two_vegetables, layout_basic, old_standard_altar,
          serial_shops, nicolae_shop_competitors_out_of_business,
          uniq_prince_ribbit1, uniq_menkaure

Skill      XL: |  1  2  3  4  5  6  7 |
---------------+----------------------+-----
Conjurations   | 2 |  2.2
Fighting       | 1 2 3 |  3.7
Translocations | 2 3 |  3.0
Maces & Flails | 1 2 3 |  3.4
Dodging        | 3 4 |  4.1
Stealth        | |  2.6
Spellcasting   | |  3.0
Summonings     | |  1.0

Action                   |  1- 3 |  4- 6 |  7- 9 || total
-------------------------+-------+-------+-------++-------
Melee: Hand axe          |     9 |       |       ||     9
       Constrict         |     8 |    31 |     2 ||    41
       Spear             |    21 |       |       ||    21
       Tentacles         |     3 |    16 |    10 ||    29
       Mace              |     8 |   122 |    11 ||   141
       Dire flail        |       |       |    10 ||    10
Throw: Tomahawk          |       |     2 |     3 ||     5
 Cast: Magic Dart        |    67 |    67 |     6 ||   140
       Conjure Flame     |       |     1 |     1 ||     2
       Blink             |       |       |     3 ||     3
  Use: Scroll            |     7 |     8 |       ||    15
       Potion            |       |     1 |     2 ||     3
 Stab: Sleeping          |     3 |     6 |       ||     9
  Eat: Chunk             |     3 |     7 |       ||    10
       Ration            |       |     1 |       ||     1
Armor: Skin              |     2 |    15 |     1 ||    18
Dodge: Dodged            |    26 |   100 |    13 ||   139

Table legend:
 A = Non-vault XP
 B = Vault XP
 C = Vault XP percentage of total XP
 D = Non-vault monster count
 E = Vault monster count
 F = Vault count percentage of total count
                 A         B        C        D         E       F
            +---------+---------+-------+---------+---------+-------
      Total |     599 |     197 |  24.7 |      87 |      14 |  13.9
            +---------+---------+-------+---------+---------+-------
        D:1 |      40 |       0 |   0.0 |      21 |       0 |   0.0
        D:2 |     116 |       0 |   0.0 |      31 |       0 |   0.0
        D:3 |      82 |       0 |   0.0 |      20 |       0 |   0.0
        D:4 |     359 |     197 |  35.4 |      14 |      14 |  50.0
        D:5 |       2 |       0 |   0.0 |       1 |       0 |   0.0
            +---------+---------+-------+---------+---------+-------
